Map: Ultralove

Players

Reynor - Winner!

  • Race: Zerg Zerg
  • League: Master
  • Spawn Location: 7:00

LiquidClem (Clem)

  • Race: Terran Terran
  • Spawn Location: 1:00

Event: FEL Cracov 2025

VOD

Have the link to the VOD?

Description

Time

  • Played on: July 27, 2025, 12:54 p.m.
  • Length: 10:04

All games in this series

Show
View Real Time Build Order
Export as new Build Order

Reynor Zerg - Winner!

Build Orders: Hatch First 

Get SALT Encoding   

  12  0:00  Drone  
  13  0:08  Drone  
  13  0:14  Extractor, Drone  
  15  0:21  Overlord  
  15  0:40  Drone  
  16  0:46  Hatchery  
  16  0:49  Drone  
  16  0:53  Drone  
  16  0:56  Drone  
  18  1:07  Extractor  
  17  1:12  Spawning Pool  
  17  1:15  Drone  
  17  1:17  Drone  
  18  1:26  Drone  
  19  1:37  Drone  
  20  1:48  Drone  
  21  1:59  Queen, Zergling x4  
  25  2:06  Hatchery  
  24  2:09  Metabolic Boost  
  24  2:14  Zergling x2  
  25  2:22  Queen  
  25  2:27  Zergling x2  
  28  2:31  Overlord  
  28  2:40  Zergling x2  
  27  2:47  Drone  
  27  2:49  Queen  
  30  2:51  Drone  
  30  2:54  Drone  
  30  2:57  Zergling x2  
  33  3:02  Zergling x2  
  33  3:04  Overlord  
  32  3:08  Drone  
  32  3:10  Drone  
  32  3:12  Drone  
  35  3:17  Overlord  
  35  3:19  Drone  
  36  3:21  Drone  
  36  3:24  Drone  
  38  3:28  Drone  
  38  3:29  Drone  
  40  3:37  Drone x4  
  40  3:40  Drone x2  
  46  3:44  Drone  
  46  3:47  Overlord  
  47  3:52  Queen  
  47  3:54  Drone  
  49  3:58  Drone  
  49  4:04  Overlord  
  49  4:05  Drone  
  49  4:06  Drone x3  
  49  4:07  Drone  
  53  4:12  Queen  
  55  4:18  Overlord, Drone x2  
  55  4:22  Queen  
  59  4:26  Drone x2  
  59  4:27  Drone  
  62  4:32  Overlord  
  62  4:33  Drone x2  
  62  4:35  Drone  
  67  4:38  Zergling x6  
  67  4:39  Zergling x2  
  67  4:43  Evolution Chamber  
  67  4:45  Queen  
  70  4:47  Overlord  
  70  4:49  Zergling x2  
  70  4:52  Zergling x2  
  72  4:56  Zergling x2, Queen  
  75  5:00  Zergling x8  
  75  5:02  Zergling x2  
  75  5:06  Queen  
  82  5:09  Overlord  
  82  5:10  Zergling x2  
  82  5:11  Zergling x2  
  84  5:15  Zergling x6  
  84  5:17  Zerg Ground Armor Level 1  
  84  5:20  Zergling x2  
  88  5:22  Drone  
  88  5:27  Overlord  
  89  5:29  Drone x3  
  89  5:30  Extractor  
  89  5:31  Zergling x2  
  89  5:33  Zergling x2  
  93  5:36  Queen, Hatchery  
  93  5:39  Zergling x4  
  93  5:40  Zergling x2  
  97  5:43  Overlord  
  97  5:46  Zergling x2  
  97  5:47  Zergling x2  
  99  5:51  Zergling x2  
  99  5:53  Zergling x2  
  99  5:54  Overlord  
  99  5:55  Zergling x4  
  99  5:56  Lair  
  103  5:59  Overlord  
  103  6:01  Overlord  
  103  6:03  Drone  
  104  6:07  Drone x2  
  104  6:09  Overlord  
  104  6:11  Evolution Chamber, Drone  
  106  6:14  Drone x3  
  106  6:15  Drone  
  106  6:16  Overlord  
  110  6:20  Drone  
  110  6:22  Drone  
  110  6:24  Extractor  
  111  6:26  Extractor  
  111  6:27  Spore Crawler  
  111  6:30  Zergling x8  
  111  6:31  Zergling x2  
  114  6:32  Queen  
  114  6:35  Zergling x2  
  114  6:36  Baneling Nest, Zerg Melee Weapons Level 1  
  114  6:38  Zergling x2  
  116  6:43  Drone  
  117  6:47  Zergling x4  
  117  6:51  Drone  
  117  6:54  Hatchery  
  117  6:55  Drone x3  
  117  6:56  Zergling x4  
  117  6:59  Drone  
  117  7:00  Overlord, Drone x2  
  117  7:01  Drone  
  122  7:02  Drone  
  122  7:03  Drone x2  
  122  7:06  Zergling x2  
  122  7:08  Drone  
  127  7:10  Zergling x2  
  127  7:14  Zergling x2  
  129  7:15  Spore Crawler  
  129  7:18  Zergling x4  
  129  7:22  Zergling x4  
  132  7:23  Centrifugal Hooks, Zerg Ground Armor Level 2  
  132  7:26  Baneling x4  
  132  7:27  Zergling x2  
  134  7:30  Zergling x12  
  134  7:35  Zergling x16  
  147  7:38  Overlord  
  140  7:49  Zergling x8  
  138  7:55  Baneling x9  
  138  7:56  Zergling x2  
  124  7:59  Zergling x8  
  124  8:00  Queen  
  124  8:02  Queen  
  124  8:04  Burrow  
  124  8:05  Zergling x2  
  133  8:07  Zergling x2  
  133  8:11  Baneling x6  
  134  8:13  Zergling x6  
  134  8:18  Zergling x2  
  138  8:22  Zergling x6  
  138  8:24  Baneling  
  138  8:25  Baneling x5  
  140  8:27  Zergling x2  
  140  8:29  Zergling x4  
  140  8:31  Zergling x6  
  142  8:35  Zergling x10  
  142  8:36  Hatchery  
  142  8:39  Zergling x8  
  142  8:43  Zergling x2  
  142  8:44  Zergling x2  
  136  8:53  Zergling x6  
  124  8:57  Zergling x2  
  124  9:00  Baneling x7  
  124  9:01  Queen  
  124  9:02  Zergling x4  
  122  9:07  Zergling x4  
  120  9:10  Zergling x4  
  120  9:16  Zergling x4  
  120  9:20  Zergling x2  
  118  9:25  Zergling x4  
  118  9:26  Zergling x2  
  118  9:31  Zergling x8  
  119  9:37  Zergling x6  
  115  9:42  Zergling x2  
  111  9:49  Hatchery  
Show
View Real Time Build Order
Export as new Build Order

LiquidClem Terran 

Build Orders:  

Get SALT Encoding   

  12  0:00  SCV  
  13  0:12  SCV  
  14  0:17  Supply Depot  
  14  0:24  SCV  
  15  0:38  SCV  
  15  0:40  Barracks  
  16  0:45  Refinery  
  16  0:51  SCV  
  17  1:00  Barracks  
  17  1:03  SCV  
  18  1:15  SCV  
  19  1:28  Orbital Command, Reaper  
  19  1:32  Supply Depot  
  20  1:48  Reaper  
  20  1:53  SCV  
  22  2:04  Reaper  
  22  2:05  SCV  
  24  2:10  Command Center  
  24  2:17  Refinery  
  24  2:18  SCV  
  25  2:28  Barracks Reactor  
  25  2:30  SCV  
  26  2:38  Barracks Tech Lab  
  26  2:42  SCV  
  27  2:52  Command Center  
  27  2:54  SCV  
  28  2:58  Marine  
  29  3:05  Stimpack  
  29  3:06  Marine x2  
  31  3:21  Marine  
  31  3:22  SCV  
  31  3:24  Orbital Command  
  31  3:25  Marine  
  34  3:31  Factory  
  35  3:34  SCV  
  34  3:43  Marine x2  
  34  3:45  Marine  
  34  3:46  SCV  
  38  3:50  SCV  
  39  3:58  SCV  
  39  4:01  Marine  
  39  4:02  SCV  
  42  4:05  Marine  
  42  4:08  Marine  
  43  4:10  SCV  
  43  4:11  Orbital Command  
  43  4:14  SCV  
  43  4:15  Starport, Factory Reactor  
  44  4:20  Marine  
  44  4:22  SCV  
  44  4:23  Marine, Supply Depot  
  47  4:25  Marine  
  47  4:26  SCV  
  49  4:34  SCV  
  49  4:37  SCV  
  49  4:38  Engineering Bay x2, SCV  
  52  4:40  Marine  
  52  4:44  Marine  
  52  4:45  Combat Shield  
  54  4:47  SCV  
  54  4:49  SCV  
  54  4:50  Supply Depot  
  54  4:52  SCV  
  57  4:57  Medivac  
  57  4:58  Medivac  
  57  4:59  Factory Tech Lab  
  61  5:01  SCV  
  61  5:02  Refinery  
  61  5:06  Barracks  
  62  5:08  Marine x2, Orbital Command  
  62  5:10  SCV  
  62  5:11  Marine  
  62  5:13  Refinery  
  66  5:16  SCV  
  66  5:18  Supply Depot  
  66  5:21  Siege Tank  
  70  5:22  SCV  
  70  5:25  Marine  
  70  5:27  Supply Depot  
  70  5:28  SCV  
  73  5:31  Orbital Command  
  73  5:32  Marine  
  73  5:33  Marine  
  73  5:35  SCV  
  76  5:36  SCV  
  76  5:38  Terran Infantry Weapons Level 1  
  76  5:39  Starport Reactor  
  76  5:40  SCV  
  78  5:45  Barracks  
  78  5:47  Terran Infantry Armor Level 1  
  78  5:48  Barracks  
  78  5:49  SCV  
  80  5:54  Marine, SCV  
  80  5:55  Supply Depot  
  80  5:58  Siege Tank  
  80  6:01  Marine x2  
  80  6:02  SCV  
  86  6:04  SCV  
  86  6:07  Supply Depot  
  86  6:09  Marine x2  
  89  6:11  Supply Depot  
  89  6:13  SCV  
  89  6:17  Medivac  
  89  6:18  Medivac  
  94  6:19  SCV x2  
  94  6:22  Marine  
  94  6:25  SCV  
  98  6:26  Marine x2  
  98  6:27  Supply Depot  
  98  6:31  Marine x2, SCV x2  
  104  6:35  Siege Tank  
  104  6:37  Barracks Reactor x2  
  107  6:42  SCV  
  107  6:43  SCV  
  107  6:44  SCV, Marine x2, Supply Depot  
  112  6:48  Marine x2  
  114  6:57  Medivac x2, Marine  
  119  7:02  Marine, Barracks  
  119  7:03  Barracks x2  
  119  7:08  Armory  
  120  7:11  Marine  
  120  7:13  Supply Depot, Marine x2  
  123  7:16  Marine, Refinery  
  123  7:18  Marine x2  
  123  7:19  Marine  
  123  7:21  Siege Tank  
  130  7:23  Supply Depot  
  130  7:26  SCV  
  130  7:27  SCV x2  
  133  7:34  Marine x5  
  138  7:38  Medivac, Orbital Command, Supply Depot  
  138  7:39  Medivac  
  138  7:42  Marauder  
  138  7:44  Marine x2  
  138  7:45  SCV  
  138  7:54  Marine  
  138  7:55  SCV  
  140  8:00  Marine x4  
  140  8:04  Marine x3  
  147  8:09  Marine  
  147  8:10  Marine  
  149  8:14  Siege Tank  
  149  8:15  Marine  
  153  8:20  Marine x4, Supply Depot  
  157  8:33  Marine  
  157  8:34  Marine x4  
  157  8:35  Marine x3  
  157  8:36  Medivac  
  157  8:37  Marine  
  157  8:39  Marine  
  157  8:40  Marine x2  
  156  8:41  Medivac  
  139  8:51  Marine  
  139  8:52  Marine x5  
  139  8:53  Marine x2  
  111  8:55  Marine  
  111  8:57  Marine x2  
  111  8:58  Marine  
  98  9:06  Medivac  
  98  9:09  Marine x3  
  87  9:10  Marine  
  87  9:12  Marine x4  
  87  9:16  Marine  
  89  9:25  Marine x2  
  87  9:32  Marine x3  
  84  9:40  Marine  
  80  9:46  Marine  
Tags
 
League
Master
Matchup
TvZ
Spawn Locations
Cross Positions
Add a new tag
Caveats
  • Supply blocks, unpowered buildings, or Contaminate may cause inaccurate times.
  • Supply counts are checked every 10 seconds.